 Dungeon Crawl Stone Soup version 0.31-a0-1-g4198be8af4 (webtiles) character file.

Game seed: 8962005380924137631

55 LobsterGuardian the Scratcher (level 3, 0/25 HPs)
             Began as a Felid Berserker on May 3, 2023.
             Was a Follower of Trog.
             Slain by Grinder (9 damage)
             ... on level 3 of the Dungeon.
             The game lasted 00:02:44 (1561 turns).

LobsterGuardian the Scratcher (Felid Berserker)     Turns: 1561, Time: 00:02:45

Health: 0/25       AC:  1    Str: 15    XL:     3   Next: 67%
Magic:  4/4        EV: 23    Int: 14    God:    Trog [*.....]
Gold:   117        SH:  0    Dex: 15    Spells: 2/2 levels left
                                        Lives:  0   Deaths: 0

rFire   . .          .
                       - Unarmed
rCold   . . .        (shield unavailable)
rNeg    . . .        (body armour unavailable)
rPois   .            (helmet unavailable)
rElec   .            (cloak unavailable)
rCorr   .            (gloves unavailable)
SInv    +            (boots unavailable)
Will    .....        e - amulet of magic regeneration Stlth
                     f - +5 ring of evasion
HPRegen 0.24/turn    g - +6 ring of intelligence
MPRegen 0.49/turn

%: no passive effects
@: berserking, very quick
A: very small, claws 1, fangs 3, see invisible, speed 1, shaggy fur 1, stealthy
paws, no weapons or thrown items, no armour, multi-lived
a: Renounce Religion, Berserk


You were on level 3 of the Dungeon.
You worshipped Trog.
Trog was aware of your devotion.
You visited 1 branch of the dungeon, and saw 3 of its levels.

You collected 117 gold pieces.

Inventory:

Jewellery
 e - an amulet of magic regeneration (around neck)
 f - a +5 ring of evasion (left paw)
 g - a +6 ring of intelligence (right paw)
Scrolls
 b - a scroll of enchant armour {unknown}
 h - a scroll of magic mapping {unknown}
 k - a scroll of immolation {unknown}
Potions
 a - a potion of lignification {unknown}
 c - a potion of attraction
 d - a potion of flight {unknown}
 i - a potion of haste {unknown}
 j - a potion of curing {unknown}


   Skills:
 + Level 3.1 Fighting
 + Level 4.0 Dodging
 * Level 2.4 Stealth
 + Level 4.2 Unarmed Combat


You had 2 spell levels left.
You didn't know any spells.
Your spell library was empty.

Dungeon Overview and Level Annotations

Branches:
Dungeon (3/15)

Altars:

Annotations:
D:3 Grinder


Innate Abilities, Weirdness & Mutations

You have sharp claws.
You have razor-sharp teeth.
You have supernaturally acute eyesight. (SInv)
You cover ground quickly. (Speed+)
You are covered in fur. (AC +1)
Your paws help you pounce on unaware monsters.
You are incapable of wielding weapons or throwing items.
You cannot wear armour.
You gain extra lives every three experience levels.


Message History

Done exploring.
Done exploring.
Okay, then.
(D) Dungeon
Where to? (Enter - D:2, ? - help)
There is a stone staircase leading down here.
You climb downwards.
Found a whip.
There is a stone staircase leading up here.
There are monsters nearby!
Unknown command.
Grinder shouts!
A giant cockroach comes into view.
A red film seems to cover your vision as you go berserk!
You feel yourself moving faster!
You feel mighty!
You can no longer call upon Trog for regeneration and willpower.
You scratch Grinder. You bite Grinder.
Grinder is lightly wounded.
Grinder gestures at you. You resist with significant effort.
You claw Grinder!
Grinder is heavily wounded.
Grinder gestures at you. You resist with significant effort.
You scratch Grinder but do no damage. Your bite misses Grinder.
Grinder is heavily wounded.
You closely miss Grinder.
Grinder is heavily wounded.
A kobold comes into view. It is wielding a +0 whip.
Grinder hits you.
You writhe in agony.
You closely miss Grinder.
Grinder is heavily wounded.
The kobold shouts!
You closely miss Grinder.
Grinder is heavily wounded.
Grinder hits you!
You completely miss Grinder. You bite Grinder.
Grinder is heavily wounded.
Grinder hits you!
You die...

.............
............
........K.#
#.........#
#.........#
#.........#
#...B......
#..@5......
##..........
#.<.......##
.g.....##.....##
..##### #####.#
.# #


You could see Grinder, a giant cockroach and a kobold.

Vanquished Creatures
  An adder (D:2)
  A gnoll (D:1)
  An orc (D:2)
  6 ball pythons
  5 endoplasms
  A giant cockroach (D:1)
  4 goblins
  2 hobgoblins (D:2)
  A kobold (D:1)
  2 quokkas (D:1)
  3 bats
  3 frilled lizards
  6 rats
36 creatures vanquished.

Notes
Turn   | Place    | Note
-------+----------+-------------------------------------------
     0 | D:1      | LobsterGuardian the Felid Berserker began the quest for the
                  | Orb.
     0 | D:1      | Reached XP level 1. HP: 10/10 MP: 2/2
   253 | D:1      | Reached XP level 2. HP: 14/14 MP: 3/3
   358 | D:1      | Reached skill level 1 in Stealth
   504 | D:1      | Reached XP level 3. HP: 17/17 MP: 4/4
  1038 | D:2      | Reached ** piety under Trog
  1551 | D:3      | Noticed Grinder
  1561 | D:3      | Slain by Grinder

Illustrated notes

Levels and vault maps discovered:
D:1:      dpeg_arrival_tiny_a, layout_rooms
D:2:      minmay_evil_eye, layout_basic, minivault_4, kennysheep_generic_room_7
D:3:      layout_rooms, nicolae_ecumenical_snake_handling, uniq_grinder

Skill      XL: |  1  2  3 |
---------------+----------+-----
Stealth        | 1 2 |  2.4
Unarmed Combat | 4 |  4.2
Fighting       | |  3.1
Dodging        | |  4.0

Action                     || total
---------------------------++-------
  Melee: Unarmed           ||    75
         Bite              ||     5
         Punch             ||     1
 Invoke: Berserk           ||     5
    Use: Scroll            ||     2
   Stab: Sleeping          ||     6
 Armour: Skin              ||     2
  Dodge: Dodged            ||    70

Table legend: (Time is in decaauts)
 A = Elapsed time spent in this place.
 B = Non-inter-level travel time spent in this place.
 C = Inter-level travel time spent in this place.
 D = Time resting spent in this place.
 E = Time spent auto-exploring this place.
 F = Levels seen in this place.
 G = Mean time per level.
                   A        B        C        D        E       F      G
               +--------+--------+--------+--------+--------+-----+--------+
         Total |   1364 |   1336 |     28 |    209 |    918 |   3 |  454.7 |
       Dungeon |   1364 |   1336 |     28 |    209 |    918 |   3 |  454.7 |
               +--------+--------+--------+--------+--------+-----+--------+

Top non-repeatable levels by time:
     D:2: 756 daAuts
     D:1: 600 daAuts
     D:3: 7 daAuts
